 Dungeon Crawl Stone Soup version 0.18.1-6-gd335043 (webtiles) character file.

238 Gingerlord the Skirmisher (level 6, -1/56 HPs)
             Began as a Hill Orc Abyssal Knight on May 17, 2016.
             Was a Priest of Lugonu.
             Killed from afar by an orc wizard (8 damage)
             ... with a puff of flame
             ... on level 4 of the Dungeon.
             The game lasted 00:04:21 (2608 turns).

Gingerlord the Skirmisher (Hill Orc Abyssal Knight) Turns: 2608, Time: 00:04:22

Health: -1/56      AC:  8    Str: 16    XL:     6   Next: 7%
Magic:  8/8        EV: 11    Int: 12    God:    Lugonu [***...]
Gold:   164        SH:  0    Dex: 11    Spells: 0 memorised, 5 levels left

rFire  . . .     SeeInvis .     a - +1 hand axe
rCold  . . .     Gourm    +     h - +1 ring mail
rNeg   . . .     Faith    .     (no shield)
rPois  .         Spirit   .     (no helmet)
rElec  .         Dismiss  .     (no cloak)
rCorr  .         Reflect  .     b - +0 pair of gloves
SustAt .         Harm     .     (no boots)
MR     .....                    k - amulet of the gourmand
Stlth  +.........               (no ring)
                                (no ring)

@: not resistant to hostile enchantments, very unstealthy
A: no striking features
a: Depart the Abyss, Bend Space, Banish, Renounce Religion


You were on level 4 of the Dungeon.
You worshipped Lugonu.
Lugonu was most pleased with you.
You were not hungry.

You visited 1 branch of the dungeon, and saw 4 of its levels.
You visited the Abyss 1 time.

You collected 164 gold pieces.

Inventory:

Hand Weapons
 a - a +1 hand axe (weapon)
Armour
 b - a +0 pair of gloves (worn)
 h - a +1 ring mail (worn)
Jewellery
 k - an amulet of the gourmand (around neck)
Scrolls
 i - 2 scrolls of teleportation
 n - a scroll of enchant weapon {unknown}
 s - a scroll of noise {unknown}
Potions
 d - 2 potions of heal wounds
 e - 2 potions of agility
 g - 2 potions of might
 j - a potion of berserk rage {unknown}
 l - a potion of degeneration {unknown}
 m - 3 potions of curing
 r - a potion of flight {unknown}
Comestibles
 c - 4 bread rations
 f - 2 beef jerkies
 o - 2 meat rations


   Skills:
 + Level 5.2 Fighting
 + Level 4.0 Axes
 + Level 3.7 Armour
 + Level 1.9 Dodging
 + Level 3.7 Invocations


You had 5 spell levels left.
You didn't know any spells.

Dungeon Overview and Level Annotations

Branches:
Dungeon (4/15)
 Temple: D:4-7

Altars:
Dithmenos
Kikubaaqudgha
Okawaru
Pakellas
Qazlal
The Shining One

Annotations:
D:4 Gingerlord's ghost, amateur FoAK; Robin


Message History

Lugonu accepts your kill.
You hear some strange, mumbled words.
A puff of flame appears from out of thin air!
The puff of flame hits you!
* * * LOW HITPOINT WARNING * * *
The orc closely misses you.
You hear some strange, mumbled words.
A puff of flame appears from out of thin air!
The puff of flame hits you!
* * * LOW HITPOINT WARNING * * *
The orc misses you.
You miss something. You closely miss the orc.
The orc is severely wounded.
You hit the orc.
The orc is severely wounded.
The orc hits you but does no damage.
You hear some strange, mumbled words.
A puff of flame appears from out of thin air!
The puff of flame hits you!
You die...

# ##. # .##.. ##..
#.#.#.. #..# .#.8.# ##
#..# .8.$# .#######..# #
..(## ..........#
#.#{o.## ......).#.#
#o@)..#
........#.#######.####..
........#...............#
.................###....#
#.†.....##.......# ...#
#.....>.##.......# ..#
#.......##."....># ##
#.......##########
#########


You could see 2 orcs.

Vanquished Creatures
  A scorpion (D:4)
  An orc priest (D:4)
  Terence (D:2)
  4 adders
  2 oozes (D:1)
  6 worms
  3 giant geckos
  2 orcs (D:4)
  8 bats
  A bat zombie (D:2)
  5 giant cockroaches
  12 goblins
  7 hobgoblins
  2 quokkas (D:2)
  2 ball pythons
  4 giant newts
  2 kobolds
  8 rats
71 creatures vanquished.

Notes
Turn   | Place    | Note
--------------------------------------------------------------
     0 | Abyss:1  | Gingerlord the Hill Orc Abyssal Knight began the quest for the Orb.
     0 | Abyss:1  | Reached XP level 1. HP: 19/19 MP: 2/2
    15 | D:1      | Escaped the Abyss
    95 | D:1      | Reached XP level 2. HP: 25/27 MP: 3/3
   156 | D:1      | Reached skill level 4 in Fighting
   156 | D:1      | Reached skill level 1 in Dodging
   231 | D:1      | Reached ** piety under Lugonu
   301 | D:1      | Reached XP level 3. HP: 33/33 MP: 4/4
   358 | D:1      | Found a glowing golden altar of the Shining One.
  1069 | D:2      | Reached XP level 4. HP: 41/41 MP: 6/6
  1148 | D:2      | Found an oddly glowing altar of Pakellas.
  1211 | D:2      | Found a stormy altar of Qazlal.
  1267 | D:2      | Found an ancient bone altar of Kikubaaqudgha.
  1297 | D:2      | Found a shadowy altar of Dithmenos.
  1297 | D:2      | Found an iron altar of Okawaru.
  1366 | D:2      | Noticed Terence
  1390 | D:2      | Killed Terence
  1390 | D:2      | Reached *** piety under Lugonu
  1588 | D:2      | Found an iron altar of Okawaru.
  1794 | D:3      | Reached XP level 5. HP: 44/47 MP: 7/7
  2117 | D:3      | Reached skill level 5 in Fighting
  2261 | D:4      | Noticed Robin
  2261 | D:4      | Noticed Gingerlord's ghost (amateur FoAK)
  2604 | D:4      | Reached XP level 6. HP: 33/56 MP: 8/8
  2608 | D:4      | Killed from afar by an orc wizard

Skill      XL: |  1  2  3  4  5 |
---------------+----------------+-----
Fighting       | 4 5 |  5.2
Dodging        | 1 |  1.9
Axes           | 3 4 |  4.0
Armour         | 3 |  3.7
Invocations    | 3 |  3.7

Action                   |  1- 3 |  4- 6 || total
-------------------------+-------+-------++-------
Melee: Hand axe          |   116 |   182 ||   298
  Use: Scroll            |     5 |     4 ||     9
  Eat: Chunk             |     3 |     5 ||     8
Armor: Ring mail         |    57 |    82 ||   139
       Leather armour    |     2 |       ||     2
Dodge: Dodged            |    80 |   109 ||   189
